 Dungeon Crawl Stone Soup version 0.27.1-1-g398f81649c (webtiles) character file.

Game seed: 12075509690653420695

1079 Kala the Ruffian (level 8, -1/75 HPs)
             Began as a Troll Transmuter on Sept 8, 2021.
             Succumbed to a gnoll sergeant's poison
             ... while paralysed by a gnoll
             ... on level 4 of the Dungeon.
             The game lasted 00:12:49 (3538 turns).

Kala the Ruffian (Troll Transmuter)                 Turns: 3538, Time: 00:12:50

Health: -1/75      AC:  5    Str: 21    XL:     8   Next: 8%
Magic:  7/8        EV:  1    Int:  9    God:
Gold:   131        SH:  0    Dex: 10    Spells: 3/9 levels left

rFire    . . .     SeeInvis .     - Unarmed
rCold    . . .     Faith    .   (no shield)
rNeg     . . .     Spirit   .   a - +0 robe
rPois    +         Reflect  +   (helmet currently unavailable)
rElec    .         Harm     .   u - +0 cloak
rCorr    +         Rampage  .   (gloves unavailable)
Will     .....                  (boots unavailable)
Stlth    +.........             d - amulet of reflection
HPRegen  1.22/turn              c - ring of poison resistance
MPRegen  0.11/turn              s - ring of resist corrosion

@: paralysed, lethally poisoned (-1 -> -11), appendages (expiring), studying
Axes
A: horns 2, talons 2, large, unfitting armour, claws 3, regeneration 1, shaggy
fur 1, tough skin 1
a: End Transformation


You were on level 4 of the Dungeon.
You had temporarily grown beastly horns and talons.
You visited 1 branch of the dungeon, and saw 4 of its levels.
You also visited: Sewer.

You collected 131 gold pieces.

Inventory:

Missiles
 i - a throwing net
 m - 110 stones
Armour
 a - a +0 robe (worn)
 u - a +0 cloak (worn)
Jewellery
 c - a ring of poison resistance (left claw)
 d - an amulet of reflection (around neck)
 s - a ring of resist corrosion (right claw)
Scrolls
 e - 2 scrolls of blinking {unknown}
 f - 3 scrolls of identify {unknown}
 g - 3 scrolls of immolation {unknown}
 h - a scroll of fog {unknown}
 o - a scroll of enchant weapon {unknown}
 p - a scroll of vulnerability {unknown}
 q - a scroll of summoning {unknown}
 r - a scroll of amnesia {unknown}
Potions
 b - a potion of resistance {unknown}
 j - 2 potions of heal wounds
 k - a potion of curing
 l - 2 potions of flight
 n - 2 potions of might {unknown}
 t - 2 potions of haste {unknown}


   Skills:
 + Level 3.2 Fighting
 - Level 1.5 Dodging
 * Level 6.3 Unarmed Combat
 - Level 1.2 Spellcasting
 * Level 4.4 Transmutations
 + Level 2.8 Earth Magic


You had 3 spell levels left.
You knew the following spells:

 Your Spells              Type           Power      Damage    Failure   Level
a - Beastly Appendage     Tmut           16%        N/A       6%          1
b - Wereblood             Tmut           8%         N/A       9%          2
c - Sandblast             Erth           10%        2d5       12%         1
d - Passwall              Tmut/Erth      5%         N/A       13%         2

Your spell library contained the following spells:

 Spells                   Type           Power      Damage    Failure   Level
 Animate Skeleton         Necr           0%         N/A       36%         1
 Pain                     Necr           0%         1d4       36%         1
 Summon Small Mammal      Summ           0%         N/A       36%         1
 Spider Form              Tmut/Pois      2%         N/A       41%         3
 Blink                    Tloc           N/A        N/A       50%         2
 Call Canine Familiar     Summ           0%         N/A       73%         3
 Dazzling Flash           Conj/Hex       0%         N/A       73%         3
 Gell's Gravitas          Tloc           0%         N/A       73%         3
 Lesser Beckoning         Tloc           0%         N/A       73%         3
 Ozocubu's Armour         Ice            0%         N/A       73%         3
 Summon Guardian Golem    Hex/Summ       0%         N/A       73%         3
 Teleport Other           Tloc           0%         N/A       73%         3
 Vampiric Draining        Necr           0%         2d6       73%         3
 Ice Form                 Ice/Tmut       4%         N/A       82%         4
 Lee's Rapid Deconstruct  Erth           2%         3d6*      97%         5
 Iskenderun's Mystic Bla  Conj/Tloc      0%         2d3       98%         4
 Manifold Assault         Tloc           0%         N/A       100%        5
 Starburst                Conj/Fire      0%         6d3       100%        6
 Ozocubu's Refrigeration  Ice            0%         4d5       100%        7


Dungeon Overview and Level Annotations

Branches:
Dungeon (4/15)              Sewer (visited)
 Temple: D:4-7

Altars:

Shops:
D:1 [

Annotations:
D:4 1 transporter, Tiagovsky's ghost, novice DrIE


Innate Abilities, Weirdness & Mutations

You have temporarily grown beastly horns and talons.
You are too large for most types of armour.
You have claws for hands.
Your natural rate of healing is unusually fast.
You are covered in fur. (AC +1)
You have tough skin. (AC +1)


Message History

There is an open translucent door, spattered with blood here.
Things that are here:
a +3 quarterstaff of chaos; the gnoll corpse of Crazy Yiuf The gnoll shouts!
You hear a shout!
Tiagovsky's ghost turns its malevolent gaze towards you.
Tiagovsky's ghost says, "Watch and be amazed!"
The gnoll sergeant shouts!
You hear a shout! x2; The gnoll shouts!
You hear a shout!
There is a transporter here.
You enter the transporter and appear at another place.
The gnoll zaps a wand.
You resist with some effort. The gnoll hits you with a +0 whip.
The gnoll zaps a wand.
You resist with some effort.
There is an open translucent door here.
Casting: Beastly Appendage (safe; 6% risk of failure)
Confirm with . or Enter, or press ? or * to list all spells.
You grow a pair of large bovine horns.
Your feet morph into talons.
The gnoll hits you with a +0 whip.
You claw the gnoll! You headbutt the gnoll.
You kill the gnoll!
The gnoll zaps a wand.
You suddenly lose the ability to move!
The gnoll hits you with a +0 flail!
The gnoll sergeant hits you from afar with a +8 spear of venom!
You are poisoned.
The gnoll hits you with a +0 flail!
You feel very sick.
The gnoll sergeant hits you from afar with a +8 spear of venom.
The gnoll hits you but does no damage.
You feel very sick.
The gnoll sergeant hits you from afar with a +8 spear of venom!
* * * LOW HITPOINT WARNING * * *
The gnoll hits you but does no damage.
You feel very sick.
The gnoll sergeant hits you from afar with a +8 spear of venom!
* * * LOW HITPOINT WARNING * * *
You are lethally poisoned!
The gnoll hits you with a +0 flail!
* * * LOW HITPOINT WARNING * * *
Your transformation is almost over.
You die...

..>.....................##
###........##......####..#
.....................†...#
≈≈≈≈≈≈≈≈≈...≈≈≈≈≈≈≈≈≈≈≈..#
≈≈≈≈≈≈≈≈≈...≈≈≈≈≈≈≈≈≈≈≈..#
#####...........#####≈≈..#
#g#W#.###.©.###.#.#.#≈≈..#
#...###g#####g###...#≈≈..#
###..g......gggg@.###≈≈..#
.8#.######'###g##.#8.≈≈..#
.##.#.. #8..#...#.##.≈≈..#
.#g.'. #⌠©.....'..#.≈≈..#
.##.# #8..#...#.##.≈≈..#
.8#.######'###'##.#8.≈≈..#
###...............###≈≈..#
#..g###.#####.###...#≈≈..#
#g#g#.###.©.###.#.#.#≈≈..#


You could see a gnoll sergeant, a gnoll shaman and 4 gnolls.

Vanquished Creatures
  An ice beast (D:4)
  A hornet zombie (D:4)
  3 ogres (D:4)
  A kobold brigand (Sewer)
  2 scorpions
  A hound (D:4)
  Crazy Yiuf (D:4)
  A bullfrog skeleton (D:4)
  An orc priest (D:4)
  A mummy (D:4)
  Robin (D:3)
  5 gnolls
  9 adders
  4 river rats (Sewer)
  5 worms
  2 dart slugs
  14 orcs
  8 ball pythons
  7 endoplasms
  5 giant cockroaches
  17 goblins
  10 hobgoblins
  8 jackals
  6 quokkas (D:3)
  8 bats
  6 frilled lizards
  4 hobgoblin zombies (D:4)
  8 kobolds
  8 rats
148 creatures vanquished.

Vanquished Creatures (others)
  A fungus (D:4)
  6 plants (D:4)
7 creatures vanquished.

Grand Total: 155 creatures vanquished

Notes
Turn   | Place    | Note
-------+----------+-------------------------------------------
     0 | D:1      | Kala the Troll Transmuter began the quest for the Orb.
     0 | D:1      | Reached XP level 1. HP: 18/18 MP: 1/1
     3 | D:1      | Found Qoephy's Antique Armour Boutique.
    82 | D:1      | Reached skill level 1 in Fighting
   142 | D:1      | Reached XP level 2. HP: 27/27 MP: 0/2
   669 | D:1      | Reached XP level 3. HP: 33/33 MP: 3/3
   924 | D:2      | Learned a level 2 spell: Wereblood
  1063 | D:2      | Learned a level 1 spell: Sandblast
  1168 | D:2      | Reached XP level 4. HP: 37/41 MP: 4/4
  1520 | D:2      | Reached skill level 4 in Unarmed Combat
  1530 | D:2      | HP: 1/42 [gnoll (8)]
  1540 | D:2      | HP: 2/42 [gnoll (10)]
  1664 | D:3      | Reached XP level 5. HP: 49/49 MP: 3/5
  1703 | D:3      | Noticed Robin
  1747 | D:3      | Killed Robin
  1802 | D:3      | Found a glowing drain.
  1811 | Sewer    | Entered a sewer
  1816 | Sewer    | Reached skill level 1 in Earth Magic
  1892 | Sewer    | Reached XP level 6. HP: 45/57 MP: 6/6
  1927 | Sewer    | Found a white marble altar of Elyvilon.
  2071 | D:3      | Reached skill level 5 in Unarmed Combat
  2292 | D:3      | Learned a level 2 spell: Passwall
  2493 | D:4      | Noticed an ice beast
  2502 | D:4      | Killed an ice beast
  2547 | D:4      | Reached XP level 7. HP: 65/66 MP: 5/7
  2691 | D:4      | Reached skill level 6 in Unarmed Combat
  2989 | D:4      | Found a transporter.
  3181 | D:4      | Found a transporter.
  3199 | D:4      | Reached XP level 8. HP: 62/75 MP: 6/8
  3417 | D:4      | Found a runed translucent door.
  3418 | D:4      | Noticed Crazy Yiuf
  3427 | D:4      | Killed Crazy Yiuf
  3515 | D:4      | Noticed Tiagovsky's ghost (novice DrIE)
  3532 | D:4      | Paralysed by a gnoll for 6 turns
  3537 | D:4      | HP: 3/75 [gnoll (7)]
  3538 | D:4      | Succumbed to a gnoll sergeant's poison

Illustrated notes

Levels and vault maps discovered:
D:1:      dpeg_arrival_connections, layout_basic, serial_shops, shop,
          hex_medium, minmay_lizard_pond
D:2:      layout_loops_corners, serial_bayou_crossing
D:3:      layout_rooms, portal_sewer_entry_f, minmay_fractal_squares_gapless_5,
          uniq_robin
D:4:      layout_basic, gammafunk_ghost_gnarly_gnolls, hex_large,
          minmay_mini_ossuary, uniq_crazy_yiuf_cottage

Skill      XL: |  1  2  3  4  5  6  7 |
---------------+----------------------+-----
Fighting       | 1 2 3 |  3.2
Transmutations | 2 3 4 |  4.4
Unarmed Combat | 4 5 6 |  6.3
Earth Magic    | 1 2 |  2.8
Dodging        | |  1.5
Spellcasting   | |  1.2

Action                   |  1- 3 |  4- 6 |  7- 9 || total
-------------------------+-------+-------+-------++-------
Melee: Unarmed           |    97 |   185 |    65 ||   347
       Kick              |     7 |    25 |    10 ||    42
       Headbutt          |     1 |    15 |     9 ||    25
       Punch             |     1 |     2 |     2 ||     5
 Cast: Beastly Appendage |    10 |    16 |     8 ||    34
       Sandblast         |       |     6 |     6 ||    12
 Stab: Sleeping          |     2 |     1 |       ||     3
Armor: Robe              |    43 |    54 |    14 ||   111
Dodge: Dodged            |    26 |    68 |    13 ||   107
Block: Other             |    10 |    41 |     7 ||    58
       Reflection        |       |     1 |       ||     1
